 Dungeon Crawl Stone Soup version 0.28-a0-706-gf6f64a616a (webtiles) character file.

Game seed: 1160600387363431337

1005 KoroneIsBestGirl the Frost Mage (level 8, -1/52 HPs)
             Began as a Barachi Ice Elementalist on Oct 24, 2021.
             Was a Believer of Ashenzari.
             Slain by a wyvern skeleton (13 damage)
             ... on level 5 of the Dungeon.
             The game lasted 00:06:23 (5664 turns).

KoroneIsBestGirl the Frost Mage (BaIE)              Turns: 5664, Time: 00:06:24

Health: -1/52      AC:  6    Str: 10    XL:     8   Next: 20%
Magic:  1/16       EV: 15    Int: 17    God:    Ashenzari [**....]
Gold:   151        SH:  0    Dex: 13    Spells: 14/18 levels left

rFire   . . .      SeeInvis +   f - +0 short sword "Loss of the Cosmos" {Cun, Elem} (curse)
rCold   . . .      Faith    .   (no shield)
rNeg    . . .      Spirit   .   a - +0 robe "Prescient Secrets" {Fort, Bglg} (curse)
rPois   .          Reflect  .   (no helmet)
rElec   .          Harm     .   r - +0 cloak
rCorr   .          Rampage  .   j - +2 pair of gloves of the Prophetic Seer {Cun, Fort} (curse)
Will    .....                   (no boots)
Stlth   ++........              (no amulet)
HPRegen 0.17/turn               (no ring)
MPRegen 0.15/turn               (no ring)

@: unable to hop, freezing walls, slow
A: amphibious, slowness 1, strong legs 1, +LOS
a: Hop, Renounce Religion, Shatter the Chains


You were on level 5 of the Dungeon.
You worshipped Ashenzari.
Ashenzari was pleased with you.
You visited 2 branches of the dungeon, and saw 6 of its levels.

You collected 151 gold pieces.

Inventory:

Hand Weapons
 f - the cursed +0 short sword "Loss of the Cosmos" (weapon) {Cun, Elem}
   (You took it off a kobold on level 1 of the Dungeon)

   It has a curse which improves the following skills: Cunning: Dodging and
   Stealth.
   Elements:  Fire Magic, Ice Magic, Air Magic and Earth Magic.
 q - a +3 quarterstaff of chaos
Armour
 a - the cursed +0 robe "Prescient Secrets" (worn) {Fort, Bglg}

   It has a curse which improves the following skills: Fortitude: Armour and
   Shields.
   Beguiling: Conjurations, Hexes and Translocations.
 j - the cursed +2 pair of gloves of the Prophetic Seer (worn) {Cun, Fort}
   (You found it on level 3 of the Dungeon)

   It has a curse which improves the following skills: Cunning: Dodging and
   Stealth.
   Fortitude: Armour and Shields.
 r - a +0 cloak (worn)
Jewellery
 t - an amulet of guardian spirit
Wands
 i - a wand of paralysis (6)
 k - a wand of flame (10)
Scrolls
 d - a scroll of noise
 e - 4 scrolls of identify
 h - 3 scrolls of teleportation
 l - 2 scrolls of magic mapping
 o - a scroll of fog
 p - a scroll of enchant armour
 s - 2 scrolls of immolation
Potions
 b - 2 potions of flight
 c - 2 potions of curing
 g - a potion of heal wounds
 m - a potion of cancellation
 n - a potion of magic


   Skills:
 + Level 6.2(8.5) Dodging
 - Level 1.7(3.4) Stealth
 + Level 5.7 Spellcasting
 + Level 8.0(9.5) Ice Magic


You had 14 spell levels left.
You knew the following spells:

 Your Spells              Type           Power      Damage    Failure   Level
a - Freeze                Ice            100%       1d11      1%          1
b - Frozen Ramparts       Ice            74%        1d9       1%          3

Your spell library contained the following spells:

 Spells                   Type           Power      Damage    Failure   Level
 Ozocubu's Armour         Ice            37%        N/A       1%          3
 Corpse Rot               Necr/Air       10%        N/A       19%         2
 Poisonous Vapours        Pois/Air       10%        N/A       19%         2
 Hailstorm                Conj/Ice       21%        3d6       19%         4
 Fireball                 Conj/Fire      2%         3d4       98%         5
 Starburst                Conj/Fire      2%         6d3       100%        6
 Ignition                 Fire           2%         3d3       100%        8


Dungeon Overview and Level Annotations

Branches:
Dungeon (5/15)             Temple (1/1) D:4

Altars:
Ashenzari
Cheibriados
Hepliaklqana
Kikubaaqudgha
Nemelex Xobeh
Okawaru
Qazlal
Ru
Sif Muna
Trog
Vehumet
Wu Jian
Xom
Yredelemnul
Zin

Annotations:
D:3 ytrimaz's ghost, amateur FoFi


Innate Abilities, Weirdness & Mutations

You are amphibious.
You cover ground slowly.
You can hop short distances.
You have an extended range of vision and can be seen from far away.


Message History

Confirm with . or Enter, or press ? or * to list all spells.
Aiming: Freeze (safe; 1% risk of failure)
Press: ? - help, Shift-Dir - straight line, f/p - wyvern skeleton
Aim: a wyvern skeleton (heavily damaged)
You freeze the wyvern skeleton but do no damage.
The wyvern skeleton completely resists. x2
The wall freezes the wyvern skeleton but does no damage.
The wyvern skeleton bites you but does no damage.
Casting: Freeze (safe; 1% risk of failure)
Confirm with . or Enter, or press ? or * to list all spells.
Aiming: Freeze (safe; 1% risk of failure)
Press: ? - help, Shift-Dir - straight line, f/p - wyvern skeleton
Aim: a wyvern skeleton (heavily damaged)
You freeze the wyvern skeleton.
The wyvern skeleton resists.
The wyvern skeleton is heavily damaged.
The wyvern skeleton completely resists.
The wall freezes the wyvern skeleton but does no damage.
The wyvern skeleton bites you but does no damage.
Casting: Freeze (safe; 1% risk of failure)
Confirm with . or Enter, or press ? or * to list all spells.
Aiming: Freeze (safe; 1% risk of failure)
Press: ? - help, Shift-Dir - straight line, f/p - wyvern skeleton
Aim: a wyvern skeleton (heavily damaged)
You freeze the wyvern skeleton.
The wyvern skeleton resists.
The wyvern skeleton is heavily damaged.
The wyvern skeleton resists.
The wall freezes the wyvern skeleton.
The wyvern skeleton completely misses you.
The wyvern skeleton completely resists.
The wall freezes the wyvern skeleton but does no damage.
The wyvern skeleton closely misses you.
Casting: Freeze (safe; 1% risk of failure)
Confirm with . or Enter, or press ? or * to list all spells.
Aiming: Freeze (safe; 1% risk of failure)
Press: ? - help, Shift-Dir - straight line, f/p - wyvern skeleton
Aim: a wyvern skeleton (heavily damaged)
You freeze the wyvern skeleton but do no damage.
The wyvern skeleton completely resists. x2
The wall freezes the wyvern skeleton but does no damage.
The wyvern skeleton bites you!
You die...

* , , **, , , , ,,
, ,,,* , ,,,, , *.
,, , , . # #., ,
,,, ... , #.##. ,
,, ....
*,...##+#####....#
**#.#..@.........,
, ##....#Z.##.....
,,
###...<...........
,
#.................
#................#*
#.................
,
#...#.....###+###+
#...#.#...# * , #..
#.#...#, ,


You could see a wyvern skeleton.

Vanquished Creatures
  Sigmund (D:3)
  3 ogres (D:4)
  3 scorpions (D:4)
  A water moccasin skeleton (D:4)
  A jelly (D:4)
  2 quasits (D:3)
  Crazy Yiuf (D:3)
  2 orc priests (D:4)
  Ijyb (D:3)
  3 hound skeletons
  4 adders
  2 worms
  3 dart slugs (D:1)
  15 orcs
  4 ball pythons
  9 endoplasms
  3 giant cockroaches (D:1)
  5 goblins
  5 hobgoblins
  8 bats
  2 frilled lizards
  7 kobolds
  5 rats
90 creatures vanquished.

Notes
Turn   | Place    | Note
-------+----------+-------------------------------------------
     0 | D:1      | KoroneIsBestGirl the Barachi Ice Elementalist began the
                  | quest for the Orb.
     0 | D:1      | Reached XP level 1. HP: 13/13 MP: 3/3
   387 | D:1      | Reached skill level 5 in Ice Magic
   387 | D:1      | Reached XP level 2. HP: 19/19 MP: 1/5
   745 | D:1      | Found a faded altar of an unknown god.
  1019 | D:1      | Prayed at the altar of an unknown god.
  1019 | D:1      | Became a worshipper of Ashenzari the Shackled
  1107 | D:1      | Reached XP level 3. HP: 20/24 MP: 5/7
  2165 | D:2      | Reached * piety under Ashenzari
  2272 | D:2      | Learned a level 3 spell: Frozen Ramparts
  2362 | D:3      | Noticed Ijyb
  2370 | D:3      | Killed Ijyb
  2371 | D:3      | Reached XP level 4. HP: 11/30 MP: 0/8
  2617 | D:3      | Found a transporter.
  2620 | D:3      | Noticed ytrimaz's ghost (amateur FoFi)
  2627 | D:3      | Found a transporter.
  3080 | D:3      | Reached ** piety under Ashenzari
  3310 | D:3      | Found a runed translucent door.
  3311 | D:3      | Noticed Crazy Yiuf
  3403 | D:3      | Reached XP level 5. HP: 35/35 MP: 8/10
  3418 | D:3      | Noticed Sigmund
  3426 | D:3      | Killed Sigmund
  3427 | D:3      | Reached skill level 6 in Ice Magic
  3427 | D:3      | Reached XP level 6. HP: 37/41 MP: 3/12
  3558 | D:3      | Killed Crazy Yiuf
  4195 | D:4      | Found a staircase to the Ecumenical Temple.
  4205 | Temple   | Entered the Ecumenical Temple
  4479 | D:4      | Reached XP level 7. HP: 24/46 MP: 9/13
  4709 | D:4      | Reached skill level 5 in Dodging
  4754 | D:4      | Reached skill level 7 in Ice Magic
  4767 | D:4      | Reached skill level 5 in Spellcasting
  4839 | D:4      | Reached XP level 8. HP: 19/52 MP: 6/16
  5326 | D:4      | Reached skill level 8 in Ice Magic
  5627 | D:5      | Entered Level 5 of the Dungeon
  5664 | D:5      | Slain by a wyvern skeleton

Illustrated notes

Levels and vault maps discovered:
D:1:      minmay_arrival_loop, layout_loops_ring, ebering_ecumenical_altar_rust,
          minmay_domino_4
D:2:      layout_basic, skrybe_limestone_x
D:3:      wander_river, layout_loops_cross, gammafunk_ghost_stat_death,
          uniq_ijyb, uniq_sigmund, uniq_crazy_yiuf_cottage
D:4:      layout_rooms, minmay_temple_entry_proselytizer
D:5:      layout_basic, mainiacjoe_overflow_swirl, mainiacjoe_overflow_24_doors,
          uniq_menkaure
Temple:   regret_index_temple_waves

Skill      XL: |  1  2  3  4  5  6  7  8 |
---------------+-------------------------+-----
Ice Magic      | 5 6 7 8 |  8.0
Dodging        | 3 4 5 6 |  6.2
Spellcasting   | 3 4 5 |  5.7
Stealth        | |  1.7

Action                   |  1- 3 |  4- 6 |  7- 9 || total
-------------------------+-------+-------+-------++-------
Melee: Unarmed           |    10 |       |       ||    10
       Short sword       |    26 |     8 |    81 ||   115
 Cast: Freeze            |    53 |    46 |    26 ||   125
       Frozen Ramparts   |     1 |     4 |     6 ||    11
Invok: Curse Item        |     2 |     1 |       ||     3
 Abil: Hop               |       |     1 |     1 ||     2
  Use: Potion            |       |       |     1 ||     1
 Stab: Sleeping          |       |     1 |     1 ||     2
Armor: Robe              |    14 |    20 |    24 ||    58
Dodge: Dodged            |    70 |    33 |   106 ||   209

Table legend: (Time is in decaauts)
 A = Elapsed time spent in this place.
 B = Non-inter-level travel time spent in this place.
 C = Inter-level travel time spent in this place.
 D = Time resting spent in this place.
 E = Time spent auto-exploring this place.
 F = Levels seen in this place.
 G = Mean time per level.
                   A        B        C        D        E       F      G
               +--------+--------+--------+--------+--------+-----+--------+
         Total |   6183 |   5869 |    314 |    459 |   4674 |   6 | 1030.5 |
       Dungeon |   5904 |   5680 |    224 |    459 |   4504 |   5 | 1180.8 |
        Temple |    279 |    189 |     90 |      0 |    170 |   1 |  279.0 |
               +--------+--------+--------+--------+--------+-----+--------+

Top non-repeatable levels by time:
     D:3: 1960 daAuts
     D:1: 1795 daAuts
     D:4: 1330 daAuts
     D:2: 778 daAuts
  Temple: 279 daAuts
     D:5: 39 daAuts
